 Dungeon Crawl Stone Soup version 0.19-a0-1886-gd64a0f0 (webtiles) character file.

81 Alarkh the Poker (level 4, -5/33 HPs)
             Began as a Mummy Skald on Oct 15, 2016.
             Slain by a black bear (7 damage)
             ... on level 3 of the Dungeon.
             The game lasted 00:03:46 (2483 turns).

Alarkh the Poker (Mummy Skald)                      Turns: 2483, Time: 00:03:46

Health: -5/33      AC:  4    Str: 15    XL:     4   Next: 19%
Magic:  1/7        EV: 11    Int: 12    God:
Gold:   121        SH:  0    Dex: 11    Spells: 3 memorised, 2 levels left

rFire  x . .     SeeInvis .     a - +0 spear
rCold  + . .     Gourm    .     b - +1 leather armour
rNeg   + + +     Faith    .     (no shield)
rPois  ∞         Spirit   .     (no helmet)
rElec  .         Dismiss  .     (no cloak)
rCorr  .         Reflect  .     (no gloves)
MR     .....     Harm     .     (no boots)
Stlth  +.........               j - amulet of inaccuracy (curse)
                                (no ring)
                                (no ring)

@: infused, singing, very slightly contaminated
A: no food or potions, fire vulnerability, cold resistance 1, negative energy
resistance 3, torment resistance, unbreathing
a: Stop Singing


You were on level 3 of the Dungeon.
You were not hungry.

You visited 1 branch of the dungeon, and saw 3 of its levels.

You collected 121 gold pieces.

Inventory:

Hand Weapons
 a - a +0 spear (weapon)
Armour
 b - a +1 leather armour (worn)
Jewellery
 h - an uncursed ring of ice
 j - a cursed amulet of inaccuracy (around neck)
Wands
 f - a wand of paralysis (9/24)
Scrolls
 d - 2 scrolls of amnesia
 g - a scroll of fear
Books
 c - a book of Battle

   Spells                             Type                      Level
   a - Infusion                       Charms                       1
   b - Shroud of Golubria             Charms/Translocation         2
   c - Song of Slaying                Charms                       2
   d - Spectral Weapon                Hexes/Charms                 3
   e - Regeneration                   Charms/Necromancy            3


   Skills:
 - Level 2.0 Fighting
 + Level 3.2 Polearms
 - Level 0.7 Armour
 - Level 0.7 Dodging
 + Level 2.3 Spellcasting
 + Level 2.7 Charms


You had 2 spell levels left.
You knew the following spells:

 Your Spells              Type           Power        Failure   Level  Hunger
a - Infusion              Chrm           #...         12%         1    N/A
b - Song of Slaying       Chrm           #.......     17%         2    N/A
c - Shroud of Golubria    Chrm/Tloc      #.........   34%         2    N/A

Dungeon Overview and Level Annotations

Branches:
Dungeon (3/15)

Altars:
Nemelex Xobeh

Annotations:
D:3 Natasha


Innate Abilities, Weirdness & Mutations

You do not eat or drink.
Your flesh is vulnerable to fire.
You are immune to poison.
Your flesh is cold resistant. (rC+)
You are immune to negative energy. (rN+++)
You are immune to unholy pain and torment.
You can survive without breathing.


Message History

You hit the ooze.
You kill the ooze!
You closely miss the black bear. The black bear bites you!
The black bear closely misses you. The black bear claws you.
You closely miss the black bear. The black bear bites you.
The black bear claws you but does no damage. x2
You are too injured to fight recklessly!
You are too injured to fight recklessly!
You miss the black bear. The black bear bites you. The black bear claws you.
The black bear misses you.
You closely miss the black bear. The black bear bites you!
* * * LOW HITPOINT WARNING * * *
The black bear claws you.
* * * LOW HITPOINT WARNING * * *
The black bear barely misses you.
You barely miss the black bear.
The black bear bites you but does no damage.
The black bear claws you but does no damage. x2
You barely miss the black bear. The black bear bites you!
You die...

#.#### #.#
#.#
########.#
#.......<#
#.########
######.####
#.........#
#.####.##@#
#.##h#
#.##.#
#.#...#
#......#
........#
#.###..#.#
.. #..#.#
######## #
...#..
........


You could see a black bear.

Vanquished Creatures
  A gnoll (D:1)
  2 oozes
  A worm (D:2)
  2 dart slugs
  3 leopard geckos
  An orc (D:2)
  6 bats
  A goblin (D:2)
  8 hobgoblins
  7 jackals
  5 frilled lizards
  10 kobolds
  3 rats
50 creatures vanquished.

Notes
Turn   | Place    | Note
-------+----------+-------------------------------------------
     0 | D:1      | Alarkh the Mummy Skald began the quest for the Orb.
     0 | D:1      | Reached XP level 1. HP: 16/16 MP: 3/3
   101 | D:1      | Reached skill level 2 in Polearms
   252 | D:1      | Reached XP level 2. HP: 21/22 MP: 1/5
   804 | D:2      | Reached XP level 3. HP: 13/27 MP: 3/6
   969 | D:2      | Found a sparkling altar of Nemelex Xobeh.
  1247 | D:1      | Learned a level 2 spell: Song of Slaying
  1250 | D:1      | Learned a level 2 spell: Shroud of Golubria
  1270 | D:2      | Reached skill level 3 in Polearms
  2053 | D:2      | Reached XP level 4. HP: 33/33 MP: 1/7
  2361 | D:3      | Noticed a black bear
  2432 | D:3      | Noticed Natasha
  2483 | D:3      | Slain by a black bear

Vault maps used:
D:1:      dpeg_arrival_long_road, minmay_tetromino_t4
D:2:      nemelex_xobeh_ov_fountains_minmay
D:3:      first_bread, serial_bayou_lagoon_b, uniq_natasha, uniq_grinder

Skill      XL: |  1  2  3 |
---------------+----------+-----
Polearms       | 2 3 |  3.2
Fighting       | |  2.0
Armour         | |  0.7
Dodging        | |  0.7
Spellcasting   | |  2.3
Charms         | |  2.7

Action                   |  1- 3 |  4- 6 || total
-------------------------+-------+-------++-------
Melee: Spear             |   170 |    58 ||   228
 Cast: Infusion          |    18 |     7 ||    25
       Song of Slaying   |     1 |     1 ||     2
       Shroud of Golubri |     1 |       ||     1
  Use: Scroll            |     6 |       ||     6
Armor: Leather armour    |    46 |    18 ||    64
Dodge: Dodged            |    96 |    21 ||   117
